 Dungeon Crawl Stone Soup version 0.22.1 (webtiles) character file.

32 n0claF the Bolt Thrower (level 3, 0/30 HPs)
             Began as a Centaur Hunter on Sept 18, 2018.
             Slain by a crimson imp (2 damage)
             ... summoned by Natasha
             ... on level 2 of the Dungeon.
             The game lasted 00:02:09 (831 turns).

n0claF the Bolt Thrower (Centaur Hunter)             Turns: 831, Time: 00:02:10

Health: 0/30       AC:  5    Str: 14    XL:     3   Next: 8%
Magic:  3/3        EV:  8    Int: 10    God:
Gold:   28         SH:  0    Dex: 10    Spells: 2/2 levels left

rFire    + . .     SeeInvis .   i - +0 whip (flame)
rCold    . . .     Gourm    .   (no shield)
rNeg     . . .     Faith    .   f - +0 ring mail {rF+}
rPois    .         Spirit   .   (no helmet)
rElec    .         Reflect  .   (no cloak)
rCorr    .         Harm     .   (no gloves)
MR       .....                  (no barding)
Stlth    ..........             (no amulet)
HPRegen  0.10/turn              (no ring)
MPRegen  0.08/turn              (no ring)

@: slowed
A: large, hooves 3, deformed body, speed 2, tough skin 3
a: no special abilities


You were on level 2 of the Dungeon.
You were not hungry.

You visited 1 branch of the dungeon, and saw 2 of its levels.

You collected 28 gold pieces.

Inventory:

Hand Weapons
 a - a +1 hand crossbow
 i - a +0 whip of flaming (weapon)
   (You found it on level 1 of the Dungeon)
Missiles
 d - 11 bolts
Armour
 f - a +0 ring mail of fire resistance (worn)
   (You found it on level 1 of the Dungeon)
Scrolls
 g - a scroll of fear {unknown}
 k - a scroll of immolation {unknown}
 l - a scroll of identify {unknown}
 n - a scroll of teleportation {unknown}
Potions
 b - a potion of heal wounds {unknown}
 h - a potion of lignification {unknown}
 j - a potion of degeneration {unknown}
 m - a potion of invisibility {unknown}
 o - a potion of mutation {unknown}
Comestibles
 e - 3 rations {!d}


   Skills:
 + Level 2.4 Fighting
 * Level 5.0 Crossbows
 + Level 1.7 Dodging
 - Level 0.4 Stealth


You had 2 spell levels left.
You didn't know any spells.
Your spell library was empty.

Dungeon Overview and Level Annotations

Branches:
Dungeon (2/15)

Altars:

Annotations:
D:2 Natasha


Innate Abilities, Weirdness & Mutations

You have hooves in place of feet.
Armour fits poorly on your strangely shaped body.
You cover ground very quickly.
You have extremely tough skin. (AC +3)


Message History

You closely miss Natasha. Your kick misses Natasha.
Natasha stares at you and mumbles some strange words.
You feel yourself slow down.
You hit Natasha. You burn Natasha. Natasha claws you. x2
You hit Natasha but do no damage. Natasha closely misses you.
You hit Natasha but do no damage. Your kick misses Natasha.
Natasha casts a spell at you.
You feel as though you will be slow longer.
Natasha barely misses you.
Unknown command.
You barely miss Natasha. You kick Natasha. Natasha claws you.
Natasha growls.
Natasha claws you.
You miss Natasha. Your kick misses Natasha.
Natasha mumbles some strange words.
You miss Natasha. Natasha claws you but does no damage.
The crimson imp closely misses you. Natasha casts a spell at you.
You feel as though you will be slow longer.
You closely miss Natasha. The crimson imp barely misses you.
Natasha claws you but does no damage.
The crimson imp hits you but does no damage.
Natasha barely misses you.
You barely miss Natasha. You kick Natasha.
The crimson imp blinks!
Natasha claws you but does no damage.
You completely miss Natasha.
The crimson imp blinks!
Natasha claws you but does no damage. The crimson imp hits you.
Natasha claws you.
You hit Natasha but do no damage.
The crimson imp hits you but does no damage.
Natasha claws you but does no damage. The crimson imp barely misses you.
Natasha claws you.
* * * LOW HITPOINT WARNING * * *
You barely miss Natasha.
The crimson imp hits you but does no damage.
Natasha claws you.
* * * LOW HITPOINT WARNING * * *
You barely miss Natasha. The crimson imp closely misses you. Natasha claws you!
* * * LOW HITPOINT WARNING * * *
The crimson imp puffs mist at you. The crimson imp hits you.
* * * LOW HITPOINT WARNING * * *
Natasha claws you but does no damage.
There is a stone staircase leading up here.
The crimson imp hits you but does no damage.
Natasha claws you.
* * * LOW HITPOINT WARNING * * *
The crimson imp picks up a beetle and eats it.
The crimson imp hits you.
You die...

... ?.. ..$
.. .####
##...## #
#.....##.#
#.@......#
#K5h..####
##..†##
#).......##
###.######


You could see Natasha, a crimson imp and a kobold.

Vanquished Creatures
  2 dart slugs (D:1)
  A leopard gecko (D:1)
  A bat (D:1)
  2 giant cockroaches (D:1)
  4 goblins (D:1)
  4 hobgoblins (D:1)
  2 jackals (D:1)
  2 frilled lizards (D:1)
  3 kobolds (D:1)
  4 rats
25 creatures vanquished.

Notes
Turn   | Place    | Note
-------+----------+-------------------------------------------
     0 | D:1      | n0claF the Centaur Hunter began the quest for the Orb.
     0 | D:1      | Reached XP level 1. HP: 17/17 MP: 1/1
    91 | D:1      | Reached XP level 2. HP: 22/24 MP: 2/2
   348 | D:1      | Reached skill level 5 in Crossbows
   483 | D:1      | Reached XP level 3. HP: 28/30 MP: 3/3
   811 | D:2      | Noticed Natasha
   831 | D:2      | Slain by a crimson imp

Skill      XL: |  1  2 |
---------------+-------+-----
Crossbows      | 5 |  5.0
Fighting       | |  2.4
Dodging        | |  1.7
Stealth        | |  0.4

Action                   || total
-------------------------++-------
Melee: Whip              ||    38
       Kick              ||     7
 Fire: Hand crossbow     ||    42
Armor: Leather armour    ||    17
       Ring mail         ||    10
Dodge: Dodged            ||    20
